 Dungeon Crawl Stone Soup version 0.29-a0-283-ga02f740833 (webtiles) character file.

Game seed: 3232254541494255993

235420 Ajdolov the Slayer (level 19, -2/293 HPs)
             Began as an Ogre Fire Elementalist on Mar 13, 2022.
             Was the Champion of Vehumet.
             Killed from afar by an acid blob (9 damage)
             ... with a splash of acid
             ... on level 4 of the Pits of Slime on Mar 14, 2022.
             The game lasted 02:10:51 (42332 turns).

Ajdolov the Slayer (Ogre Fire Elementalist)        Turns: 42332, Time: 02:10:52

Health: -2/293     AC:  9    Str: 17      XL:     19   Next: 63%
Magic:  14/39      EV:  8    Int: 22      God:    Vehumet [******]
Gold:   1542       SH:  8    Dex:  6 (7)  Spells: 15/50 levels left

rFire   . . .      SeeInvis .   P - +9 sword of Zonguldrok {reap}
rCold   + + .      Faith    .   c - +0 kite shield
rNeg    + . .      Spirit   .   (body armour currently unavailable)
rPois   ∞          Reflect  .   B - +2 hat {Will+}
rElec   +          Harm     .   Z - +2 cloak {Will+}
rCorr   +          Rampage  .   (gloves unavailable)
Will    +++..                   (boots unavailable)
Stlth   +.........              G - amulet of magic regeneration
HPRegen 0.58/turn               p - ring of poison resistance
MPRegen 0.66/turn               M - ring of Ulubrow {rC++ rCorr}

@: statue-form, corroded, very slow
A: slow and powerful, torment resistance 1, boosted hp, large, unfitting armour,
(tough skin 1), clumsy 1, deterioration 1
}: 1/15 runes: barnacled
a: End Transformation, Renounce Religion


You were on level 4 of the Pits of Slime.
You worshipped Vehumet.
Vehumet was exalted by your worship.
You were a living statue of rough stone.
You visited 8 branches of the dungeon, and saw 36 of its levels.
You visited 1 bazaar.
You also visited: Sewer and Wizlab.

You collected 3188 gold pieces.
You spent 1646 gold pieces at shops.

Inventory:

Hand Weapons
 P - the +9 sword of Zonguldrok (weapon) {reap}
   (You took it off Urug on level 11 of the Dungeon)

   Any living foe damaged by it may be reanimated upon death as a zombie
   friendly to the wielder, with an increasing chance as more damage is dealt.
Missiles
 y - 4 curare-tipped darts
 I - 6 throwing nets
Armour
 c - a +0 kite shield (worn)
 B - a +2 hat of willpower (worn)
 X - a +4 troll leather armour (melded)
 Z - a +2 cloak of willpower (worn)
Jewellery
 k - a ring of wizardry
 n - a ring of see invisible
 p - a ring of poison resistance (left fist)
 G - an amulet of magic regeneration (around neck)
 M - the ring of Ulubrow (right fist) {rC++ rCorr}
   (You took it off a centaur warrior on level 11 of the Dungeon)

   [ring of resist corrosion]

   rC:        It greatly protects you from cold.
   rCorr:     It protects you from acid and corrosion.
Wands
 r - a wand of mindburst (9)
 v - a wand of flame (55)
 E - a wand of iceblast (25)
 F - a wand of paralysis (13)
 K - a wand of polymorph (8)
 L - a wand of digging (25)
 T - a wand of acid (8)
 W - a wand of charming (2)
Scrolls
 a - 2 scrolls of vulnerability
 e - 8 scrolls of noise
 h - 4 scrolls of torment
 i - 16 scrolls of identify
 j - a scroll of blinking
 m - 11 scrolls of teleportation
 s - 2 scrolls of fear
 t - a scroll of holy word
 x - 5 scrolls of fog
 A - 5 scrolls of amnesia
 D - a scroll of silence
 H - 8 scrolls of immolation
 J - 4 scrolls of enchant weapon
 Q - 6 scrolls of magic mapping
 Y - a scroll of brand weapon {unknown}
Potions
 b - 8 potions of magic
 d - 5 potions of curing
 f - 7 potions of flight
 g - 5 potions of invisibility
 l - 4 potions of cancellation
 o - a potion of berserk rage
 q - a potion of haste
 u - 7 potions of might
 w - 2 potions of lignification
 z - 6 potions of mutation
 C - 3 potions of resistance
 N - 5 potions of brilliance
 O - 3 potions of attraction
 R - 6 potions of ambrosia
 S - a potion of heal wounds


   Skills:
 * Level 21.8 Fighting
 - Level 1.7 Dodging
 - Level 1.4 Stealth
 - Level 6.3 Shields
 + Level 16.4 Spellcasting
 - Level 10.0 Conjurations
 - Level 13.6 Transmutations
 - Level 3.7 Fire Magic
 - Level 14.2 Earth Magic
 - Level 10.5 Poison Magic


You had 15 spell levels left.
You knew the following spells:

 Your Spells              Type           Power      Damage    Failure   Level
a - Foxfire               Conj/Fire      100%       2x1d9     1%          1
b - Scorch                Fire           68%        2d8       1%          2
c - Olgreb's Toxic Radia  Pois           59%        N/A       1%          4
d - Ignite Poison         Fire/Tmut/Pois 56%        N/A       1%          3
e - Poisonous Vapours     Pois/Air       82%        N/A       1%          2
f - Iron Shot             Conj/Erth      31%        9d6       1%          6
g - Statue Form           Tmut/Erth      45%        N/A       3%          6
h - Lee's Rapid Deconstr  Erth           34%        3d18*     1%          5
i - Eringya's Noxious Bo  Tmut/Pois      31%        N/A       1%          6

Your spell library contained the following spells:

 Spells                   Type           Power      Damage    Failure   Level
 Maxwell's Capacitive Co  Air            9%         ∞         100%        8
 Sting                    Tmut/Pois      100%       1d8       1%          1
 Static Discharge         Conj/Air       40%        N/A       1%          2
 Conjure Flame            Conj/Fire      48%        6-21      1%          3
 Flame Wave               Conj/Fire      48%        2d10      1%          4
 Petrify                  Tmut/Erth      68%        N/A       1%          4
 Sticky Flame             Conj/Fire      48%        2d7       1%          4
 Blade Hands              Tmut           33%        N/A       1%          5
 Inner Flame              Hex/Fire       26%        N/A       2%          3
 Animate Armour           Summ/Erth      98%        N/A       3%          4
 Yara's Violent Unravell  Hex/Tmut       23%        3d10      3%          5
 Animate Skeleton         Necr           36%        N/A       7%          1
 Pain                     Necr           72%        1d7       7%          1
 Lightning Bolt           Conj/Air       20%        1d35      7%          5
 Airstrike                Air            9%         N/A       17%         4
 Ozocubu's Armour         Ice            18%        N/A       21%         3
 Tukima's Dance           Hex            18%        N/A       21%         3
 Vampiric Draining        Necr           18%        2d7       21%         3
 Anguish                  Hex/Necr       9%         N/A       54%         4
 Cause Fear               Hex            9%         N/A       54%         4
 Dispel Undead            Necr           18%        3d11      54%         4
 Passage of Golubria      Tloc           18%        N/A       54%         4
 Summon Lightning Spire   Summ/Air       18%        N/A       54%         4
 Metabolic Englaciation   Hex/Ice        9%         N/A       88%         5
 Summon Forest            Summ/Tloc      9%         N/A       88%         5
 Summon Cactus Giant      Summ           9%         N/A       100%        6
 Enfeeble                 Hex            9%         N/A       100%        7
 Ozocubu's Refrigeration  Ice            9%         4d6       100%        7
 Summon Hydra             Summ           9%         N/A       100%        7
 Discord                  Hex            9%         N/A       100%        8


Dungeon Overview and Level Annotations

Branches:
Dungeon (15/15)            Temple (1/1) D:6            Lair (6/6) D:8
 Shoals (4/4) Lair:2       Spider (1/4) Lair:3        Slime (5/5) Lair:6
    Orc (2/2) D:10            Elf (2/3) Orc:2        Vaults (0/5) D:14
 Depths (0/4) D:15          Sewer (visited)          WizLab (visited)

Altars:
Ashenzari
Cheibriados
Makhleb
Ru
Sif Muna
Trog
Vehumet
The Shining One
Beogh
Lugonu

Shops:
D:2 [   D:3 ?   D:4 :*   D:6 *   D:7 *   D:8 !   D:10 [(   D:11 ?   Orc:2 [((
Elf:1 [?=[   Elf:2 :

Portals:
Hell: Lair:6
Abyss: Shoals:3

Annotations:
D:3 1 runed translucent door, hjr's ghost, amateur MiFi
D:10 2 transporters, Flogoulo's ghost, journeyman OpEE
D:11 1 runed translucent door, Ajdolov's ghost, journeyman OgEE
D:12 1 runed translucent door, Osodog's ghost, journeyman GrEE
Shoals:1 1 runed translucent door, Tuvvit's ghost, adept GnTm
Shoals:2 3 runed translucent doors
Elf:1 7 runed translucent doors


Innate Abilities, Weirdness & Mutations

You are a living statue of rough stone.
Your actions are slow, but your melee attacks are powerful.
You are resistant to unholy torment.
Your maximum health is greatly increased.
You are immune to poison.
Your equipment is partially melded.
You are too large for most types of armour.
((You have tough skin. (AC +1)))
You are clumsy. (Dex -2)
Your body sometimes deteriorates upon taking damage.


Message History

* * * LOW HITPOINT WARNING * * *
Casting: Iron Shot (mildly dangerous; 1% risk of failure)
Confirm with . or Enter, or press ? or * to list all spells.
Aiming: Iron Shot (mildly dangerous; 1% risk of failure)
Press: ? - help, Shift-Dir - straight line, f/p - acid blob
Aim: an acid blob (almost dead, 98% to hit)
The iron shot hits the acid blob!!!
You kill the acid blob!
Vehumet accepts your kill.
You feel your power returning.
You start resting.
A rockslime comes into view.
The rockslime quivers.
As you read the scroll of teleportation, it crumbles to dust.
You feel strangely unstable.
Your surroundings seem slightly different.
The rockslime hits you!!!
* * * LOW HITPOINT WARNING * * *
Your body deteriorates!
You feel clumsy.
You stumble backwards!
Okay, then.
Blink to where?
Press: ? - help, Dir - move target An acid blob and a glowing orange brain come into view.
Found an escape hatch in the floor and an escape hatch in the ceiling.
As you read the scroll of blinking, it crumbles to dust.
Blink to where?
Press: ? - help, Dir - move target An acid blob and 22 slime creatures come into view.
As you read the scroll of blinking, it crumbles to dust.
The slime creature quivers. x2; The acid blob quivers.
The slime creature quivers. x5
Two slime creatures merge to form a large slime creature. x2
A slime creature comes into view.
Two slime creatures merge to form a very large slime creature.
The glowing orange brain pulsates.
Something tries to feed on your intellect!
The acid blob spits acid at you. The splash of acid hits you! You resist.
You die...

.. ##......
#.#####......
...#..#..... ...........
..........#
.........J###.#
#####...................
#..........#.#..8.JJJJ..
........#.#.......J.....
#.................JJ.JJ#
.#..............>.J.JJJJ
...................JJ.JJ
.............G......#.J.
.#...J....§..>.....##J..
...................# ..
.......#.#....J...


You could see an acid blob, a very large slime creature, a large slime creature,
18 slime creatures and a glowing orange brain.

Vanquished Creatures
  the Royal Jelly (Slime:5)
  Dissolution (Slime:2)
  Bai Suzhen (Shoals:4)
  Jorgrun (Spider:1)
  10 acid blobs
  A fenstrider witch (Shoals:1)
  9 rockslimes
  4 azure jellies (Slime:5)
  2 deep elf sorcerers (Elf:1)
  An orc warlord (Orc:1)
  A broodmother (Spider:1)
  3 quicksilver oozes (Slime:5)
  Nessos (D:12)
  2 deep elf demonologists (Elf:1)
  A stone giant (D:15)
  A deep elf annihilator (Elf:1)
  2 entropy weavers (Spider:1)
  4 merfolk javelineers
  9 merfolk impalers
  A yaktaur captain (D:14)
  5 great orbs of eyes
  2 deep elf high priests (Elf:1)
  Erica (Lair:1)
  13 hydras
  A catoblepas (D:15)
  9 boulder beetles
  Harold (D:9)
  12 centaur warriors
  4 ogre magi (Orc:2)
  4 alligator snapping turtles
  A death knight (D:12)
  18 two-headed ogres
  4 merfolk avatars
  4 merfolk aquamancers
  11 death yaks
  6 dancing weapons (Elf:1)
  Urug (D:11)
  3 tengu warriors
  Nergalle (Lair:3)
  Amaemon (Lair:2)
  9 deep elf knights
  14 sea snakes
  5 skeletal warriors
  A sun moth (Spider:1)
  A sixfirhy (Lair:6)
  A shadow wraith (D:14)
  4 deep elf archers (Elf:1)
  A death drake (Elf:2)
  A lindwurm (Lair:6)
  2 wizards
  3 orc knights
  13 harpies (Shoals:4)
  11 deep elf pyromancers
  12 deep elf zephyrmancers
  20 manticores
  8 ugly things
  3 oklob plants
  4 orc sorcerers
  2 wolf spiders
  9 cyclopes
  6 shining eyes
  7 elephants
  2 black mambas
  14 merfolk sirens
  5 eyes of devastation
  4 gargoyles
  2 orange demons
  4 molten gargoyles (D:15)
  13 cane toads
  2 efreet
  4 water nymphs
  A demonic crawler (Spider:1)
  3 unseen horrors
  3 yaktaurs
  2 freezing wraiths
  4 rime drakes
  14 komodo dragons
  A yaktaur (shapeshifter) (D:15)
  A kobold demonologist (D:12)
  3 tengu conjurers
  A hellwing (Lair:6)
  A merfolk (shapeshifter) (Elf:1)
  2 ice devils (Lair:6)
  2 red devils (Lair:6)
  39 merfolk
  A meliai (shapeshifter) (D:14)
  A queen bee (Lair:2)
  11 trolls
  4 hornets
  A queen bee (shapeshifter) (D:11)
  5 wind drakes
  3 polar bears
  67 slime creatures
  3 tarantellas
  14 blink frogs
  A raiju (shapeshifter) (D:14)
  6 snapping turtles
  A jumping spider (Spider:1)
  A dream sheep (Lair:6)
  2 vampires
  2 air elementals (WizLab)
  2 centaur simulacra
  6 spriggans (Lair:5)
  5 culicivoras
  3 water elementals
  7 wraiths
  30 yaks
  6 wyverns
  4 basilisks
  A steam dragon (D:8)
  A fire elemental (Elf:2)
  2 golden eyes (Slime:3)
  4 redbacks
  6 vampire mosquitoes
  4 wargs
  18 water moccasins
  An acid dragon (D:10)
  3 hell hounds (Lair:6)
  5 black bears
  2 ice beasts (D:6)
  25 orc warriors
  3 boggarts (D:15)
  14 wolves (Lair:2)
  28 ogres
  11 centaurs
  A phantom (D:6)
  8 kobold brigands
  A necrophage (D:5)
  2 gnoll sergeants
  12 bullfrogs
  3 scorpions
  10 wights
  4 earth elementals (Elf:1)
  31 killer bees
  3 electric eels
  A howler monkey (D:13)
  A lava snake (D:7)
  6 hounds
  7 jellies
  15 orc priests
  A gnoll shaman (D:8)
  25 orc wizards
  4 iguanas
  18 gnolls
  7 adders
  2 shadow imps
  2 white imps (D:5)
  2 ufetubi
  3 worms
  4 dart slugs
  57 orcs
  6 ball pythons
  10 bats
  8 endoplasms
  6 giant cockroaches
  6 goblins
  12 hobgoblins
  2 jackals (D:4)
  35 kobolds
  7 quokkas
  2 frilled lizards (Sewer)
  10 rats
  A lurking horror (Shoals:3)
1071 creatures vanquished.

Vanquished Creatures (collateral kills)
  3 yaks (Lair:4)
  A hell hound (Lair:6)
  3 killer bees (Lair:2)
7 creatures vanquished.

Vanquished Creatures (others)
  A shadow (D:9)
  A jelly (D:5)
  63 foxfires
  51 fungi
  166 plants
  A withered plant (D:1)
283 creatures vanquished.

Grand Total: 1361 creatures vanquished

Notes
Turn   | Place    | Note
-------+----------+-------------------------------------------
     0 | D:1      | Ajdolov the Ogre Fire Elementalist began the quest for the
                  | Orb.
     0 | D:1      | Reached XP level 1. HP: 16/16 MP: 3/3
   134 | D:1      | Reached XP level 2. HP: 17/24 MP: 1/5
   380 | D:1      | Found a faded altar of an unknown god.
   772 | D:1      | Reached XP level 3. HP: 18/28 MP: 3/7
   887 | D:1      | Learned a level 2 spell: Scorch
  1537 | D:2      | Reached XP level 4. HP: 37/39 MP: 2/10
  1652 | D:2      | Noticed an ogre
  1657 | D:2      | Killed an ogre
  1658 | D:2      | Reached skill level 5 in Spellcasting
  1658 | D:2      | Reached XP level 5. HP: 25/45 MP: 0/12
  1658 | D:2      | Found Neufreg's Antique Armour Boutique.
  2937 | D:3      | Reached skill level 1 in Fighting
  3303 | D:3      | Reached skill level 2 in Fighting
  3418 | D:3      | Found Kykkoni's Magic Scroll Emporium.
  3420 | D:3      | Found a runed translucent door.
  3421 | D:3      | Noticed hjr's ghost (amateur MiFi)
  3426 | D:3      | Bought a scroll of identify for 22 gold pieces
  3455 | D:2      | Bought an embroidered robe for 99 gold pieces
  3650 | D:4      | Reached XP level 6. HP: 15/59 MP: 1/14
  3898 | D:4      | Reached skill level 3 in Fighting
  4035 | D:4      | Reached skill level 4 in Fighting
  4449 | D:4      | Found Lurph's Assorted Antiques.
  4662 | D:4      | Found Fewnus's Book Boutique.
  4942 | D:5      | Entered Level 5 of the Dungeon
  5026 | D:5      | Reached XP level 7. HP: 71/71 MP: 11/16
  5031 | D:5      | Reached skill level 5 in Fighting
  5373 | D:5      | Reached skill level 6 in Fighting
  5945 | D:4      | Bought a scroll labelled XALOGY DICOG for 23 gold pieces
  6058 | D:6      | Reached skill level 7 in Fighting
  6215 | D:6      | Found a glowing drain.
  6219 | Sewer    | Entered a sewer
  6362 | Sewer    | Reached XP level 8. HP: 65/87 MP: 8/18
  6374 | Sewer    | Identified the +5 leather armour "Desofox" {rPois Int+3}
  6696 | Sewer    | Reached skill level 8 in Fighting
  7176 | D:6      | Reached skill level 9 in Fighting
  7216 | D:6      | Found Turi's General Store.
  7224 | D:6      | Bought a scroll of teleportation for 33 gold pieces
  7445 | D:6      | Found a staircase to the Ecumenical Temple.
  7453 | Temple   | Entered the Ecumenical Temple
  7477 | Temple   | Became a worshipper of Vehumet
  7548 | D:6      | Reached skill level 10 in Fighting
  7961 | D:7      | Reached XP level 9. HP: 98/100 MP: 11/21
  8138 | D:7      | Found Werphis's Assorted Antiques.
  8303 | D:7      | Reached skill level 11 in Fighting
  8326 | D:7      | Reached * piety under Vehumet
  8326 | D:7      | Offered knowledge of Shock by Vehumet.
  8844 | D:8      | Noticed a komodo dragon
  9350 | D:8      | Reached skill level 12 in Fighting
  9771 | D:8      | Identified the +1 robe of the New World {rPois rF++}
 10021 | D:8      | Killed a komodo dragon
 10022 | D:8      | Reached skill level 13 in Fighting
 10022 | D:8      | Reached XP level 10. HP: 15/119 MP: 8/23
 10447 | D:8      | Found Waileky's Distillery.
 10454 | D:8      | Bought a potion of heal wounds for 50 gold pieces
 10580 | D:8      | Found a staircase to the Lair.
 10938 | D:9      | Noticed Harold
 10953 | D:9      | Killed Harold
 10954 | D:9      | Reached skill level 14 in Fighting
 10954 | D:9      | Reached skill level 10 in Spellcasting
 11202 | D:9      | Reached ** piety under Vehumet
 11202 | D:9      | Offered knowledge of Searing Ray by Vehumet.
 11749 | D:9      | Identified a scroll of acquirement
 11751 | D:9      | Acquired a +2 hat of willpower
 11914 | D:9      | Reached skill level 15 in Fighting
 12207 | D:9      | Noticed a two-headed ogre
 12222 | D:9      | Killed a two-headed ogre
 12269 | D:9      | Learned a level 4 spell: Olgreb's Toxic Radiance
 12358 | D:9      | Reached skill level 1 in Conjurations
 12361 | D:9      | Reached skill level 1 in Poison Magic
 12606 | D:10     | Entered Level 10 of the Dungeon
 12717 | D:10     | Reached XP level 11. HP: 118/133 MP: 18/26
 12990 | D:10     | Found a snail-covered altar of Cheibriados.
 13198 | D:10     | Found a transporter.
 13202 | D:10     | Noticed Flogoulo's ghost (journeyman OpEE)
 13287 | D:10     | Found a transporter.
 13524 | D:10     | Offered knowledge of Ignite Poison by Vehumet.
 13529 | D:10     | Learned a level 3 spell: Ignite Poison
 13618 | D:10     | Found Asyehouxa's Weapon Emporium.
 13618 | D:10     | Found a staircase to the Orcish Mines.
 13618 | D:10     | Found Suzxeth's Armour Emporium.
 13640 | D:10     | Reached *** piety under Vehumet
 13641 | D:10     | Reached skill level 5 in Poison Magic
 14328 | D:11     | Noticed Ajdolov's ghost (journeyman OgEE)
 14328 | D:11     | Found a runed translucent door.
 14773 | D:11     | Found a gateway to a bazaar.
 14800 | D:11     | Offered knowledge of Mephitic Cloud by Vehumet.
 14852 | Bazaar   | Entered a bazaar
 14927 | Bazaar   | Found Unaol's Book Shop.
 14948 | Bazaar   | Found Baqoe's Antique Weapon Emporium.
 14959 | Bazaar   | Found Kudeal's Antique Weapon Shoppe.
 15000 | D:11     | Noticed a two-headed ogre
 15024 | D:11     | Killed a two-headed ogre
 15471 | D:11     | Noticed a two-headed ogre
 15477 | D:11     | Killed a two-headed ogre
 15694 | D:11     | Noticed a boulder beetle
 15710 | D:11     | Killed a boulder beetle
 15790 | D:11     | Identified the ring of Ulubrow {rC++ rCorr}
 15790 | D:11     | Noticed a centaur warrior
 15795 | D:11     | Killed a centaur warrior
 16006 | D:11     | Noticed a manticore
 16011 | D:11     | Killed a manticore
 16012 | D:11     | Reached XP level 12. HP: 139/143 MP: 10/27
 16072 | D:11     | Noticed Urug
 16083 | D:11     | Killed Urug
 16126 | D:11     | Noticed a boulder beetle
 16131 | D:11     | Killed a boulder beetle
 16204 | D:11     | Reached skill level 10 in Poison Magic
 16208 | D:11     | Learned a level 2 spell: Poisonous Vapours
 16365 | D:11     | Noticed a boulder beetle
 16370 | D:11     | Killed a boulder beetle
 16463 | D:11     | Found Reoj's Magic Scroll Shop.
 16471 | D:11     | Bought a scroll of fear for 42 gold pieces
 16471 | D:11     | Bought a scroll of magic mapping for 42 gold pieces
 16471 | D:11     | Bought a scroll of identify for 24 gold pieces
 16471 | D:11     | Bought a scroll of identify for 24 gold pieces
 16471 | D:11     | Bought a scroll of blinking for 90 gold pieces
 16471 | D:11     | Bought a scroll of identify for 24 gold pieces
 16471 | D:11     | Bought a scroll of identify for 24 gold pieces
 16471 | D:11     | Bought a scroll of enchant armour for 90 gold pieces
 16471 | D:11     | Bought a scroll of fog for 24 gold pieces
 16495 | D:11     | Reached skill level 18 in Fighting
 16495 | D:11     | Reached XP level 13. HP: 161/161 MP: 28/28
 17761 | D:11     | Identified the +6 arbalest "Saer" {speed, rC++ Str+4}
 18102 | D:11     | Learned a level 6 spell: Iron Shot
 18183 | Lair:1   | Entered Level 1 of the Lair of Beasts
 18304 | Lair:1   | Reached skill level 1 in Earth Magic
 18314 | Lair:1   | Reached **** piety under Vehumet
 18538 | Lair:1   | Noticed Erica
 18543 | Lair:1   | Killed Erica
 18638 | Lair:1   | Offered knowledge of Irradiate by Vehumet.
 19302 | Lair:2   | Reached XP level 14. HP: 170/170 MP: 20/31
 19690 | Lair:2   | Reached skill level 5 in Earth Magic
 20022 | Lair:2   | Reached skill level 5 in Conjurations
 20138 | Lair:2   | Noticed Amaemon
 20145 | Lair:2   | Killed Amaemon
 20833 | Lair:2   | Reached ***** piety under Vehumet
 20835 | Lair:2   | Offered knowledge of Hailstorm by Vehumet.
 21074 | Lair:2   | Found a staircase to the Shoals.
 22125 | Lair:3   | Noticed Nergalle
 22130 | Lair:3   | Killed Nergalle
 22381 | Lair:3   | Found a hole to the Spider Nest.
 24088 | Lair:4   | Learned a level 6 spell: Statue Form
 24951 | Lair:6   | Entered Level 6 of the Lair of Beasts
 24977 | Lair:6   | Reached XP level 15. HP: 178/178 MP: 10/32
 26081 | Lair:6   | Reached skill level 10 in Earth Magic
 26684 | Lair:6   | Found a burning altar of Makhleb.
 26963 | Lair:6   | Offered knowledge of Starburst by Vehumet.
 27256 | Lair:6   | Reached skill level 10 in Conjurations
 27264 | Lair:6   | Found a gateway to Hell.
 27271 | Lair:6   | Identified the +0 helmet of Juud {Int+4 Slay-4}
 27554 | D:12     | Noticed Nessos
 27562 | D:12     | Killed Nessos
 27563 | D:12     | Reached skill level 1 in Transmutations
 27851 | D:12     | Noticed Osodog's ghost (journeyman GrEE)
 27852 | D:12     | Found a runed translucent door.
 29064 | D:13     | Reached skill level 5 in Transmutations
 29274 | D:13     | Reached XP level 16. HP: 188/188 MP: 27/33
 30762 | D:14     | Found a gate to the Vaults.
 30877 | D:14     | Identified the +1 long sword "Byuf" {venom, rPois rC+
                  | Int+3}
 31095 | D:15     | Entered Level 15 of the Dungeon
 32101 | D:15     | Offered knowledge of Fireball by Vehumet.
 32109 | D:15     | Found a staircase to the Depths.
 32508 | Orc:1    | Entered Level 1 of the Orcish Mines
 32739 | Orc:1    | Found a burning altar of Makhleb.
 32895 | Orc:2    | Entered Level 2 of the Orcish Mines
 33076 | Orc:2    | Found a staircase to the Elven Halls.
 33139 | Orc:2    | Reached skill level 10 in Transmutations
 33349 | Orc:2    | Reached ****** piety under Vehumet
 33405 | Orc:2    | Reached XP level 17. HP: 171/196 MP: 21/34
 33452 | Orc:2    | Found Omniulia's Armour Boutique.
 33452 | Orc:2    | Found Jitonla's Distillery.
 33453 | Orc:2    | Found Fytsus's Weapon Emporium.
 33453 | Orc:2    | Found Aqonylut's Antique Weapon Boutique.
 33637 | Orc:2    | Found a shimmering blue altar of Sif Muna.
 33760 | Orc:2    | Offered knowledge of Lee's Rapid Deconstruction by Vehumet.
 33767 | Orc:2    | Learned a level 5 spell: Lee's Rapid Deconstruction
 34221 | Elf:1    | Entered Level 1 of the Elven Halls
 34221 | Elf:1    | Found a runed translucent gate.
 34221 | Elf:1    | Found a runed translucent gate.
 34221 | Elf:1    | Found a runed translucent gate.
 34221 | Elf:1    | Found a runed translucent gate.
 34221 | Elf:1    | Found a runed translucent gate.
 34221 | Elf:1    | Found a runed translucent gate.
 34222 | Elf:1    | Found a runed translucent door.
 34267 | Elf:1    | Found a runed translucent door.
 34317 | Elf:1    | Identified the +2 halberd of Unued {flame, MP+9 Str+3}
 34450 | Elf:1    | Found Elust's Antique Armour Shop.
 34633 | Elf:1    | Found Arutriwy's Armour Shop.
 34633 | Elf:1    | Found Riafidgh's Magic Scroll Boutique.
 34637 | Elf:1    | Found Leicetyze's Jewellery Shop.
 34641 | Elf:1    | Bought a +0 cloak of willpower for 195 gold pieces
 34644 | Elf:1    | Bought a scroll of enchant armour for 120 gold pieces
 34644 | Elf:1    | Bought a scroll of teleportation for 48 gold pieces
 35345 | Elf:1    | Noticed a Tzitzimitl
 35543 | Elf:1    | Noticed an Ice Fiend
 35545 | Elf:1    | Noticed an Executioner
 35648 | Elf:1    | Found a runed translucent gate.
 35648 | Elf:1    | Found a runed translucent gate.
 35648 | Elf:1    | Found a runed translucent gate.
 35648 | Elf:1    | Found a runed translucent gate.
 35648 | Elf:1    | Found a runed translucent gate.
 35652 | Elf:1    | Found a runed translucent gate.
 35724 | Elf:2    | Reached skill level 19 in Fighting
 35730 | Elf:2    | Found a magical portal.
 35744 | WizLab   | Entered The Chambers of the Cloud Mage
 35748 | WizLab   | Paralysed by an air elemental for 1 turns
 35941 | Elf:2    | Identified the +5 fustibalus of Vanity {speed, *Slow rPois
                  | Int+7 Dex+2}
 36111 | Elf:2    | Found Nyfoil's Book Emporium.
 36123 | Elf:2    | Bought a Fen Folio for 672 gold pieces
 36130 | Elf:2    | Learned a level 6 spell: Eringya's Noxious Bog
 36567 | Shoals:1 | Entered Level 1 of the Shoals
 36716 | Shoals:1 | Reached skill level 1 in Shields
 36723 | Shoals:1 | Offered knowledge of Spellforged Servitor by Vehumet.
 36767 | Shoals:1 | Found a runed translucent door.
 36776 | Shoals:1 | Noticed Tuvvit's ghost (adept GnTm)
 37491 | Shoals:2 | Reached XP level 18. HP: 208/208 MP: 32/36
 37515 | Shoals:2 | Found a runed translucent gate.
 37515 | Shoals:2 | Found a runed translucent gate.
 37515 | Shoals:2 | Found a runed translucent gate.
 38250 | Shoals:3 | Found a corrupted altar of Lugonu.
 38336 | Shoals:3 | Found a one-way gate to the infinite horrors of the Abyss.
 38618 | Shoals:4 | Entered Level 4 of the Shoals
 38682 | Shoals:4 | Offered knowledge of Freezing Cloud by Vehumet.
 38988 | Shoals:4 | Noticed Bai Suzhen
 38995 | Shoals:4 | Killed Bai Suzhen
 39230 | Shoals:4 | Reached skill level 5 in Shields
 40008 | Shoals:4 | Reached skill level 15 in Spellcasting
 40138 | Shoals:4 | Got a barnacled rune of Zot
 40306 | Spider:1 | Entered Level 1 of the Spider Nest
 40359 | Spider:1 | Offered knowledge of Maxwell's Capacitive Coupling by
                  | Vehumet.
 40361 | Spider:1 | Noticed Jorgrun
 40531 | Spider:1 | Killed Jorgrun
 40708 | Lair:6   | Found a staircase to the Slime Pits.
 40762 | Slime:1  | Entered Level 1 of the Pits of Slime
 40773 | Slime:2  | Noticed Dissolution
 41003 | Slime:1  | Reached XP level 19. HP: 139/218 MP: 21/38
 41126 | Slime:2  | Killed Dissolution
 41127 | Slime:2  | Reached skill level 20 in Fighting
 41999 | Slime:5  | Entered Level 5 of the Pits of Slime
 42061 | Slime:4  | Reached skill level 21 in Fighting
 42209 | Slime:5  | Noticed the Royal Jelly
 42281 | Slime:5  | Killed the Royal Jelly
 42313 | Slime:4  | Gained mutation: Your body sometimes deteriorates upon
                  | taking damage. [a shining eye]
 42316 | Slime:4  | Gained mutation: You are clumsy. (Dex -2) [a shining eye]
 42330 | Slime:4  | HP: 5/293 [rockslime (39)]
 42332 | Slime:4  | Killed from afar by an acid blob

Illustrated notes

Levels and vault maps discovered:
D:1:      lordsloth_arrival_two_stooges, layout_loops_ring,
          ebering_ecumenical_altar_petrified
D:2:      layout_basic, serial_shops, shop
D:3:      minmay_bubble_buster, layout_basic, ebering_ghost_reflecting_pool,
          serial_shops, nicolae_shop_crystal
D:4:      layout_cave_pods, serial_column_ruins, column_ruins_hut,
          column_ruins_corridor_dead_end, column_ruins_columns_straight,
          column_ruins_columns_straight, column_ruins_grid_1,
          column_ruins_columns_corner, column_ruins_open_tiny, serial_shops,
          kennysheep_mini, nicolae_take_the_stairs
D:5:      lemuel_ice_spiral_2, layout_rooms
D:6:      layout_gridville, minmay_temple_entry_overgrown, gup_sewer_entry_bowl,
          serial_shops, shop
D:7:      layout_cave_pools, serial_shops, kennysheep_little_box,
          minmay_misc_feat_diagonals, kennysheep_big_empty_room
D:8:      layout_basic, grunt_lair_entry_orc_guard_hut, serial_shops,
          nicolae_stop_n_shop_1
D:9:      layout_roguey, uniq_harold
D:10:     layout_loops_corners, cheibriados_altar_1, orc_david_3,
          gammafunk_ghost_arena, grunt_decor_arrowhead
D:11:     minmay_the_grid_triangle_9x9_line_8_mashed
          [minmay_the_grid_triangle_9x9_skeleton,
          minmay_the_grid_triangle_9x9_steps,
          minmay_the_grid_triangle_9x9_windchime,
          minmay_the_grid_triangle_9x9_from_above,
          minmay_the_grid_triangle_9x9_corrupted_corridor,
          minmay_the_grid_triangle_9x9_zippers_vertical,
          minmay_the_grid_triangle_9x9_sprig,
          minmay_the_grid_triangle_9x9_prize_insulated], layout_basic,
          ebering_ghost_reflecting_pool, serial_shops, bzr_entry_gold, shop,
          hangedman_abyss_or_decor_stagger, uniq_urug
D:12:     layout_roguey, hellmonk_ghost_happy_afterlife, grunt_potential,
          uniq_nessos
D:13:     layout_basic, serial_glass, glass_columns_c, glass_columns_b,
          glass_columns_a, glass_columns_a
D:14:     layout_basic, david_vaults_2, minivault_24, chequers_mini_garden
D:15:     grunt_enter_depths_snipers, layout_irregular_city, minivault_8
Temple:   mainiacjoe_temple_archimedes_tessellation
Lair:1:   layout_gridlike, patterned_corridor, uniq_erica
Lair:2:   layout_small_grid, elwin_shoals_entry_rooms,
          nicolae_volcano_entry_lava_flow, special_room [special_room_bee],
          grunt_megastairs_2, uniq_amaemon
Lair:3:   layout_layer_cave, hellmonk_spider_entry_life_and_decay, special_room,
          minmay_holes, uniq_nergalle
Lair:4:   layout_regular_city, serial_forest, infiniplex_forest_straight_4,
          infiniplex_forest_clump_medium, infiniplex_forest_zigzag_1,
          infiniplex_forest_clump_tiny, infiniplex_forest_clump_double,
          infiniplex_forest_fountain, infiniplex_forest_lined_room_,
          infiniplex_forest_diagonal, minmay_lair_oklob_items
Lair:5:   layout_hall_layers, wad_woods_01
Lair:6:   evil_forest, layout_concentric_octagons,
          minmay_slime_entry_oklob_enclosed, chequers_serial_rivers_micro_b,
          serial_bayou_shore_a
Shoals:1: layout_shoals, ebering_ghost_reflecting_pool,
          nicolae_shoals_beach_house_on_fowls_legs
Shoals:2: layout_shoals, nicolae_shoals_beach_cooler
Shoals:3: layout_shoals, amcnicky_altar_lugonu_corruption
Shoals:4: shoals_end_hangedman, layout_shoals, uniq_bai_suzhen
Spider:1: layout_spider_delve, uniq_nikola, uniq_jorgrun
Slime:1:  layout_caves
Slime:2:  layout_caves, nicolae_slime_welcoming_committee, uniq_dissolution
Slime:3:  layout_caves
Slime:4:  layout_caves, dissolution_awaits
Slime:5
Orc:1:    layout_diamond_mine, bloody_makhleb
Orc:2:    st_orc_ogre_mass, layout_caves, basic_altar, led_sif_book
Elf:1:    nicolae_elf_arrival_dilemma, layout_geoelf_grid, serial_shops,
          nicolae_shop_advertising_works [nicolae_subvault_shop_adworks],
          orc_legates, minmay_shop_star
Elf:2:    nicolae_elf_blades_crystal_corner, layout_geoelf_octagon,
          serial_shops, nicolae_shop_stone, infiniplex_enter_wizlab_water,
          minivault_14

Skill      XL: |  1  2  3  4  5  6  7  8  9 10 11 12 13 14 15 16 17 18 19 |
---------------+----------------------------------------------------------+-----
Spellcasting   | 3 4 5 6 8 9 11 13 14 15 16 | 16.4
Fire Magic     | 3 |  3.7
Fighting       | 2 4 7 10 13 15 18 19 21 | 21.8
Conjurations   | 1 3 4 8 10 | 10.0
Poison Magic   | 2 9 10 | 10.5
Earth Magic    | 3 9 11 12 13 14 | 14.2
Transmutations | 5 10 12 13 | 13.6
Shields        | 2 6 |  6.3
Dodging        | |  1.7
Stealth        | |  1.4

Action                   |  1- 3 |  4- 6 |  7- 9 | 10-12 | 13-15 | 16-18 | 19-21 || total
-------------------------+-------+-------+-------+-------+-------+-------+-------++-------
Melee: Unarmed           |    21 |       |       |       |       |       |       ||    21
       Short sword       |    15 |    37 |    21 |       |       |       |       ||    73
       Spear             |       |       |    32 |    30 |       |       |       ||    62
       Double sword      |       |       |       |       |    79 |    59 |     6 ||   144
       Punch             |       |       |       |       |     1 |     1 |       ||     2
 Cast: Foxfire           |    34 |       |       |     7 |     1 |       |       ||    42
       Scorch            |     6 |    85 |   221 |   217 |    78 |     3 |       ||   610
       Olgreb's Toxic Ra |       |       |       |    29 |    80 |   123 |       ||   232
       Ignite Poison     |       |       |       |    14 |   120 |   226 |    15 ||   375
       Poisonous Vapours |       |       |       |     7 |   216 |   361 |       ||   584
       Iron Shot         |       |       |       |       |   132 |   186 |   106 ||   424
       Eringya's Noxious |       |       |       |       |       |    11 |     9 ||    20
       Statue Form       |       |       |       |       |       |     5 |     2 ||     7
       Lee's Rapid Decon |       |       |       |       |       |     2 |       ||     2
Evoke: Wand              |       |       |       |     1 |     4 |     5 |     1 ||    11
  Use: Scroll            |       |       |     8 |    18 |    14 |     5 |    13 ||    58
       Potion            |       |       |     1 |     1 |     4 |     1 |     3 ||    10
 Stab: Sleeping          |     3 |     1 |       |       |       |       |       ||     4
Armor: Robe              |    16 |    24 |    93 |    63 |   126 |       |       ||   322
       Skin              |       |       |     1 |       |       |    58 |    20 ||    79
       Troll leather arm |       |       |       |       |       |   134 |    30 ||   164
Dodge: Dodged            |    30 |    25 |   114 |    93 |   129 |   181 |    31 ||   603
Block: Kite shield       |       |       |       |       |       |    93 |    43 ||   136

Table legend: (Time is in decaauts)
 A = Elapsed time spent in this place.
 B = Non-inter-level travel time spent in this place.
 C = Inter-level travel time spent in this place.
 D = Time resting spent in this place.
 E = Time spent auto-exploring this place.
 F = Levels seen in this place.
 G = Mean time per level.
                   A        B        C        D        E       F      G
               +--------+--------+--------+--------+--------+-----+--------+
         Total |  43071 |  40917 |   2154 |  10436 |  23665 |  39 | 1104.4 |
       Dungeon |  22760 |  21559 |   1201 |   6002 |  12460 |  15 | 1517.3 |
        Temple |     44 |     25 |     19 |      0 |     18 |   1 |   44.0 |
          Lair |   9919 |   9340 |    579 |   2355 |   5755 |   6 | 1653.2 |
        Shoals |   4147 |   3960 |    187 |    532 |   2726 |   4 | 1036.8 |
   Spider Nest |    166 |    158 |      8 |     27 |     38 |   1 |  166.0 |
    Slime Pits |   1487 |   1473 |     14 |    885 |      0 |   5 |  297.4 |
  Orcish Mines |   1750 |   1668 |     82 |    157 |   1003 |   2 |  875.0 |
   Elven Halls |   1970 |   1909 |     61 |    407 |   1066 |   2 |  985.0 |
        Bazaar |    138 |    138 |      0 |      0 |    108 |   1 |  138.0 |
         Sewer |    672 |    672 |      0 |     70 |    490 |   1 |  672.0 |
        Wizlab |     13 |     13 |      0 |      0 |      0 |   1 |   13.0 |
               +--------+--------+--------+--------+--------+-----+--------+

Top non-repeatable levels by time:
    D:11: 3947 daAuts
  Lair:6: 2626 daAuts
     D:8: 2173 daAuts
  Lair:2: 2161 daAuts
    D:10: 1905 daAuts
     D:9: 1854 daAuts
  Lair:3: 1798 daAuts
Shoals:4: 1789 daAuts
   Elf:1: 1504 daAuts
     D:3: 1421 daAuts
     D:1: 1413 daAuts
    D:14: 1335 daAuts
  Lair:1: 1290 daAuts
     D:6: 1242 daAuts
   Orc:2: 1227 daAuts
